cohdb
Replays
Latest Replays
All Replays
Popular Replays
Top Player Replays
Match Explorer
How It Works
Community
CoH3 Stats
Reddit
Sign in to upload your games and track your stats! →
Sign in with Steam
Match 40987299
Unlisted
Match 40987299
Overview
Messages
Build Orders
End
Panzerpioneer Squad
Panzergrenadier Squad
250 Light Carrier
Panzergrenadier Squad
Selects Panzerjäger Kommand Battlegroup
Selects Panzerjäger Kommand Battlegroup
Selects Panzerjäger Kommand Battlegroup
Selects Mine Fields
Construct Light Support Kompanie
Combat Half-tracks
Panzergrenadier Squad
Selects Defensive Positions
Construct Mechanized Kompanie
Assault Mechanized Group
Support Armor Elements
StuG III D Assault Gun
Selects Butterfly Bomb Drop
Selects Tank Busters
Vehicle Survival Package
Marder III Tank Destroyer
Selects Crew Shock Tactics
2.5-tonne Medical Truck
Marder III Tank Destroyer
18-tonne Recovery Half-track
Marder III Tank Destroyer
Assault Mechanized Group
StuG III D Assault Gun
Fernando87ca
Wolfe
0
0
Comments
sign in to comment!
No comments posted yet!